 Dungeon Crawl Stone Soup version bcrawl-1.21.2-28-g2cb1824106 (webtiles) character file.

Game seed: 2297516778716687477

347 BeastOfSaturn the Caller (level 6, -1/34 HPs)
             Began as a Vine Stalker Summoner on Mar 7, 2020.
             Slain by a wyvern zombie (4 damage)
             ... on level 4 of the Dungeon.
             The game lasted 00:13:43 (2603 turns).

BeastOfSaturn the Caller (Vine Stalker Summoner)    Turns: 2603, Time: 00:13:43

Health: -1/34      AC:  9    Str: 12    XL:     6   Next: 59%
Magic:  7/10       EV: 13    Int: 15    God:
Gold:   196        SH:  0    Dex: 15    Spells: 2/9 levels left

rFire    . . .     SeeInvis .   u - +0 trident
rCold    + . .     Gourm    .   (no shield)
rNeg     . . .     Faith    .   i - +0 leather armour
rPois    .         Spirit   .   p - +0 helmet (curse)
rElec    .         Reflect  .   (no cloak)
rCorr    .         Harm     .   (no gloves)
MR       .....                  (no boots)
Stlth    ++........             (no amulet)
HPRegen  0.51/turn              m - +5 ring of protection
MPRegen  0.12/turn              r - ring of protection from cold

@: no status effects
A: fangs 3, regeneration 1, no potion heal 3, rot immunity, strong jaws
a: no special abilities


You were on level 4 of the Dungeon.
You were not hungry.

You visited 1 branch of the dungeon, and saw 4 of its levels.

You collected 196 gold pieces.

Inventory:

Hand Weapons
 u - a +0 trident (weapon)
Armour
 i - a +0 leather armour (worn)
 p - a cursed +0 helmet (worn)
Jewellery
 m - a +5 ring of protection (left hand)
 r - a ring of protection from cold (right hand)
Wands
 k - a wand of iceblast (8)
Scrolls
 c - a scroll of summoning
 d - a scroll of fog {unknown}
 f - 2 scrolls of remove curse
 h - 2 scrolls of blinking
 j - a scroll of enchant weapon {unknown}
 l - 2 scrolls of fear
 o - a scroll of amnesia {unknown}
 s - a scroll of noise {unknown}
Potions
 b - a potion of ambrosia
 g - a potion of curing
 n - 3 potions of lignification
 q - 2 potions of magic
 t - a potion of degeneration {unknown}
 v - a potion of flight {unknown}
 z - 2 potions of haste {unknown}
Comestibles
 e - 8 rations {!d}


   Skills:
 * Level 1.5 Fighting
   Level 0.1(0.2) Short Blades
   Level 0.1 Long Blades
 * Level 2.2 Polearms
 * Level 1.8 Armour
 + Level 2.8 Dodging
 - Level 3.4 Stealth
 - Level 2.1 Spellcasting
 * Level 5.7 Summonings


You had 2 spell levels left.
You knew the following spells:

 Your Spells              Type           Power        Failure   Level  Hunger
a - Summon Small Mammal   Summ           ###.         2%          1    #......
b - Call Imp              Summ           ###...       4%          2    ###....
c - Summon Ice Beast      Ice/Summ       ##......     65%         4    #####..

Your spell library contained the following spells:

 Spells                   Type           Power        Failure   Level  Hunger
 Call Canine Familiar     Summ           ###.....     8%          3    ###....
 Summon Lightning Spire   Summ/Air       ##......     94%         5    ######.


Dungeon Overview and Level Annotations

Branches:
Dungeon (4/12)
 Temple: D:4-7

Altars:


Innate Abilities, Weirdness & Mutations

You have razor-sharp teeth.
Your natural rate of healing is unusually fast.
Potions cannot restore your health.
You are immune to rotting.
Your bites deal extra damage.


Message History

Confirm with . or Enter, or press ? or * to list all spells.
A beastly little devil appears in a puff of flame.
The wyvern zombie barely misses you.
Your crimson imp barely misses the wyvern zombie.
There is an open door here.
The wyvern zombie misses you.
You hit the wyvern zombie but do no damage.
The wyvern zombie is moderately damaged.
Your crimson imp blinks!
The wyvern zombie bites you.
Your crimson imp completely misses the wyvern zombie.
Your crimson imp blinks!
You hit the wyvern zombie.
The wyvern zombie is moderately damaged.
The wyvern zombie bites you!
Your crimson imp hits the wyvern zombie but does no damage.
The wyvern zombie bites you!
* * * LOW HITPOINT WARNING * * *
The wyvern zombie bites you.
You die...

.# #.# #[# .. #.######
...########.#....# ##
........Z@.......+ ..
.......5#........#
....###'#........# ###
#. #<..5.=....†.# #..
#............#######..
+.....................
#......[#########.....
######### #....#
#####....#


You could see a wyvern zombie and 2 friendly crimson imps.

Vanquished Creatures
  A sky beast (D:4)
  A scorpion (D:4)
  A crimson imp (D:4)
  An iguana (D:4)
  A worker ant (D:3)
  Robin (D:2)
  2 adders
  3 oozes
  A dart slug (D:2)
  4 leopard geckos
  4 orcs (D:3)
  A giant cockroach (D:2)
  7 goblins
  8 hobgoblins
  A jackal (D:2)
  5 kobolds
  2 quokkas (D:2)
  2 ball pythons
  2 bats
  3 frilled lizards
  5 rats
56 creatures vanquished.

Vanquished Creatures (collateral kills)
  A wight (D:4)
  A worker ant (D:4)
  A worm (D:1)
  3 leopard geckos (D:1)
  An orc (D:3)
  4 goblins
  2 hobgoblins
  A quokka (D:2)
  3 bats (D:1)
  A frilled lizard (D:1)
  A kobold (D:1)
  A rat (D:1)
20 creatures vanquished.

Grand Total: 76 creatures vanquished

Notes
Turn   | Place    | Note
-------+----------+-------------------------------------------
     0 | D:1      | BeastOfSaturn the Vine Stalker Summoner began the quest for
                  | the Orb.
     0 | D:1      | Reached XP level 1. HP: 10/10 MP: 4/4
    72 | D:1      | Reached XP level 2. HP: 8/15 MP: 6/6
    78 | D:1      | Learned a level 2 spell: Call Imp
   399 | D:1      | Reached XP level 3. HP: 7/19 MP: 3/7
   795 | D:2      | Noticed Robin
   823 | D:2      | Reached skill level 5 in Summonings
   829 | D:2      | Killed Robin
   829 | D:2      | Reached XP level 4. HP: 24/24 MP: 6/8
  1828 | D:3      | Learned a level 4 spell: Summon Ice Beast
  2217 | D:4      | Reached skill level 1 in Fighting
  2217 | D:4      | Reached skill level 1 in Polearms
  2217 | D:4      | Reached XP level 5. HP: 19/29 MP: 3/9
  2234 | D:4      | Reached skill level 1 in Armour
  2469 | D:4      | Noticed a sky beast
  2491 | D:4      | Killed a sky beast
  2491 | D:4      | Gained mutation: You have razor-sharp teeth. [Vine Stalker
                  | growth]
  2491 | D:4      | Reached XP level 6. HP: 29/34 MP: 10/10
  2603 | D:4      | Slain by a wyvern zombie

Skill      XL: |  1  2  3  4  5  6 |
---------------+-------------------+-----
Summonings     | 5 |  5.7
Fighting       | 1 |  1.5
Polearms       | 1 2 |  2.2
Armour         | 1 |  1.8
Short Blades   | |  0.1
Long Blades    | |  0.1
Dodging        | |  2.8
Stealth        | |  3.4
Spellcasting   | |  2.1

Action                   |  1- 3 |  4- 6 || total
-------------------------+-------+-------++-------
Melee: Unarmed           |    65 |       ||    65
       Bite              |     6 |    15 ||    21
       Short sword       |    28 |       ||    28
       Falchion          |    18 |    14 ||    32
       Trident           |       |   154 ||   154
 Cast: Summon Small Mamm |     4 |       ||     4
       Call Imp          |    17 |    18 ||    35
  Use: Scroll            |     1 |     6 ||     7
 Stab: Distracted        |     1 |     2 ||     3
       Sleeping          |       |     6 ||     6
  Eat: Chunk             |     1 |     4 ||     5
       Ration            |       |     1 ||     1
Armor: Robe              |    13 |       ||    13
       Leather armour    |     5 |    84 ||    89
Dodge: Dodged            |    87 |   102 ||   189
